Map: Lost and Found LE

Players

Probe

  • Race: Protoss Protoss
  • Spawn Location: 1:00

LiquidTLO (TLO) - Winner!

  • Race: Zerg Zerg
  • Spawn Location: 7:00

Event: WCS Austin 2018

VOD

Have the link to the VOD?

Description

Time

  • Played on: June 1, 2018, 8:21 p.m.
  • Length: 8:16

All games in this series

Show
View Real Time Build Order
Export as new Build Order

Probe Protoss 

Build Orders: 1 Gate Expand, Oracle Opening, Phoenix Opening 

Get SALT Encoding   

  12  0:00  Probe  
  13  0:13  Probe  
  14  0:18  Pylon  
  14  0:25  Probe  
  15  0:33  Probe  
  15  0:38  Gateway  
  15  0:41  Probe  
  16  0:49  Assimilator  
  17  0:51  Probe  
  18  1:03  Probe  
  19  1:15  Probe  
  20  1:25  Nexus  
  20  1:34  Cybernetics Core  
  20  1:37  Probe  
  21  1:42  Assimilator  
  21  1:50  Probe  
  22  1:55  Pylon  
  22  2:02  Probe  
  22  2:04  Adept  
  23  2:10  Probe  
  26  2:18  Probe  
  26  2:21  Stargate  
  27  2:28  Probe  
  27  2:30  Adept  
  27  2:35  Probe  
  30  2:40  Probe  
  30  2:43  Probe  
  32  2:45  Warp Gate  
  33  2:51  Probe  
  33  2:52  Probe  
  33  2:57  Adept  
  37  2:59  Phoenix  
  37  3:03  Probe  
  37  3:04  Probe  
  41  3:14  Pylon  
  41  3:15  Probe  
  41  3:16  Probe  
  43  3:27  Probe  
  43  3:32  Gateway, Oracle  
  43  3:33  Probe  
  48  3:42  Gateway, Probe  
  48  3:45  Probe  
  50  3:53  Pylon  
  50  3:54  Probe  
  51  3:57  Probe  
  51  3:59  Pylon  
  51  4:01  Assimilator  
  51  4:02  Assimilator  
  52  4:09  Twilight Council, Probe x2  
  54  4:16  Oracle  
  57  4:19  Pylon  
  57  4:21  Probe x2  
  59  4:33  Probe  
  59  4:34  Probe  
  59  4:38  Pylon  
  61  4:43  Resonating Glaives  
  61  4:45  Probe  
  62  4:46  Probe  
  63  4:54  Adept x3  
  63  4:57  Probe  
  63  4:58  Probe  
  70  5:06  Pylon x2  
  70  5:08  Nexus  
  70  5:14  Adept  
  70  5:15  Adept x2  
  77  5:31  Robotics Facility  
  77  5:33  Robotics Facility  
  77  5:34  Gateway  
  76  5:38  Gateway  
  76  5:39  Adept  
  76  5:41  Adept  
  80  5:43  Probe  
  80  5:48  Probe  
  82  5:52  Sentry  
  82  5:54  Pylon  
  82  5:55  Shield Battery, Probe  
  85  6:00  Sentry, Probe  
  85  6:02  Sentry  
  90  6:07  Probe  
  91  6:11  Immortal  
  91  6:12  Gateway, Immortal, Probe  
  92  6:19  Probe  
  92  6:24  Probe  
  102  6:30  Probe  
  103  6:35  Adept x3  
  109  6:42  Immortal  
  109  6:44  Probe  
  109  6:46  Probe  
  111  6:49  Adept x2  
  119  7:01  Adept x3  
  125  7:11  Adept  
  125  7:14  Pylon  
  125  7:15  Pylon  
  125  7:16  Shield Battery, Pylon  
  125  7:21  Pylon  
  125  7:31  Shield Battery  
  125  7:32  Immortal x2  
  125  7:34  Sentry x2  
  125  7:36  Adept x2  
  125  7:37  Adept  
  117  7:56  Adept  
  103  8:03  Adept x5  
Show
View Real Time Build Order
Export as new Build Order

LiquidTLO Zerg - Winner!

Build Orders: Hatch First 

Get SALT Encoding   

  12  0:00  Drone  
  13  0:09  Drone  
  14  0:16  Overlord  
  14  0:34  Drone x2  
  16  0:47  Hatchery  
  15  0:51  Drone  
  15  0:54  Drone  
  17  0:58  Drone  
  18  1:04  Extractor  
  17  1:13  Spawning Pool  
  17  1:16  Drone  
  17  1:20  Drone  
  18  1:29  Drone  
  19  1:40  Drone  
  20  1:51  Drone  
  21  2:00  Overlord, Queen x2  
  25  2:01  Zergling x2  
  26  2:10  Metabolic Boost  
  26  2:12  Drone x2  
  28  2:21  Drone  
  29  2:25  Drone  
  30  2:32  Drone  
  31  2:37  Hatchery  
  31  2:42  Queen  
  32  2:49  Overlord  
  32  2:52  Drone x2  
  32  2:54  Zergling x2  
  32  2:57  Drone  
  36  3:07  Overlord  
  36  3:08  Drone  
  36  3:10  Drone  
  38  3:15  Drone, Zergling x4  
  38  3:17  Drone x2  
  43  3:20  Drone  
  43  3:24  Overlord  
  43  3:28  Drone  
  44  3:36  Drone  
  44  3:38  Overlord, Queen  
  44  3:39  Queen  
  49  3:42  Drone  
  49  3:45  Drone  
  49  3:47  Spore Crawler  
  50  3:49  Spore Crawler  
  50  3:51  Drone  
  50  3:52  Drone  
  50  3:55  Drone  
  52  3:57  Drone  
  52  3:58  Drone x2  
  52  4:01  Drone  
  56  4:04  Spore Crawler, Drone  
  56  4:13  Drone x5  
  56  4:14  Drone  
  62  4:19  Lair  
  62  4:23  Drone  
  63  4:26  Roach Warren  
  63  4:29  Evolution Chamber  
  63  4:30  Extractor x2  
  59  4:32  Drone, Extractor  
  59  4:33  Drone, Extractor  
  59  4:35  Drone  
  59  4:37  Drone x2  
  59  4:38  Drone  
  63  4:39  Drone  
  63  4:44  Drone x2  
  63  4:45  Drone  
  67  4:47  Drone  
  67  4:52  Overlord  
  66  4:53  Overlord  
  66  4:56  Overlord  
  66  5:03  Overlord  
  66  5:06  Roach x4  
  74  5:10  Overlord  
  74  5:12  Roach x2  
  74  5:14  Zergling x2  
  79  5:15  Roach  
  79  5:18  Glial Reconstitution  
  79  5:19  Zerg Missile Weapons Level 1  
  81  5:22  Zergling x2  
  81  5:26  Zergling x4  
  81  5:27  Zergling x2  
  86  5:28  Zergling x4  
  86  5:29  Zergling x2  
  86  5:31  Drone x2  
  86  5:32  Drone  
  91  5:38  Roach  
  91  5:39  Pneumatized Carapace  
  91  5:42  Roach x2  
  97  5:44  Roach  
  97  5:46  Roach x2  
  105  5:50  Roach  
  105  5:51  Roach  
  105  5:52  Roach  
  109  6:01  Roach  
  109  6:02  Roach  
  109  6:03  Overlord x2  
  113  6:04  Overseer  
  113  6:06  Overlord  
  113  6:11  Overlord  
  112  6:18  Overlord  
  112  6:21  Roach x2  
  112  6:22  Roach x5  
  112  6:25  Roach  
  127  6:27  Roach  
  127  6:28  Roach  
  127  6:31  Roach  
  127  6:32  Roach  
  133  6:33  Roach  
  133  6:35  Roach  
  133  6:37  Roach  
  133  6:39  Roach  
  141  6:41  Roach  
  141  6:44  Roach x2  
  145  6:51  Roach x2  
  145  6:53  Overlord  
  144  6:56  Roach  
  144  6:57  Overlord, Roach  
  146  7:01  Roach  
  146  7:02  Roach x2  
  146  7:05  Overlord  
  153  7:08  Ravager  
  153  7:13  Ravager x4  
  153  7:14  Roach  
  159  7:15  Roach  
  159  7:18  Roach x2, Zergling x2  
  159  7:19  Zergling x4  
  159  7:21  Roach  
  168  7:24  Ravager  
  168  7:29  Roach, Zergling x2  
  172  7:31  Zergling x4  
  172  7:32  Zergling x2  
  172  7:36  Roach  
  177  7:37  Overlord x2  
  157  7:51  Roach  
  157  7:52  Roach x2  
  157  7:56  Roach  
  157  7:57  Roach x2  
Tags
 
Add a new tag
Caveats
  • Supply blocks, unpowered buildings, or Contaminate may cause inaccurate times.
  • Supply counts are checked every 10 seconds.